AoeStats
← ElGringoCoya

Arena

510183346Analyzed
1v1 RM · 3d ago on Sep 29, 2026· 34m 41s· 2 players
Game mode
Random Map
Map size
Tiny (2 player)
Population
200
Speed
Normal
Resources
Standard
Victory
Conquest
Starting age
Dark Age
Ending age
Imperial Age
RankedLock teamsTeams togetherTeam positionsShared explorationLock speedFull tech treeHidden civsTurbo modeCheats
Victory
Defeat
🇩🇪 Khmer · Germany
878
+16
🇦🇷 Goths · Argentina
872
-16
ElGringoCoya
0:59 Loom
12:19 Feudal Age
13:10 Horse Collar
13:17 Double-Bit Axe
14:11 Wheelbarrow
19:51 Castle Age
18:00 Stone Mining
19:05 Forging
20:04 Scale Mail Armor
21:26 Hand Cart
21:34 Bow Saw
21:44 Heavy Plow
25:14 Gold Mining
32:00 Imperial Age
30:17 Chain Mail Armor
30:37 Iron Casting
31:23 Iron Casting
31:21 Anarchy
32:14 Stone Shaft Mining
31:39 Pikeman
32:19 Squires
32:28 Halberdier
33:54 Perfusion
Alexandar The Okay
11:18 Feudal Age
14:07 Castle Age
11:56 Double-Bit Axe
12:11 Horse Collar
13:09 Loom
15:02 Bow Saw
17:32 Heavy Plow
19:22 Stone Mining
20:43 Wheelbarrow
19:53 Town Watch
20:05 Town Watch
22:38 Gold Mining
23:34 Hand Cart
24:58 Town Patrol
30:09 Imperial Age
29:52 Bloodlines
29:42 Husbandry
29:03 Light Cavalry
31:22 Ballistics
31:24 Scale Barding Armor
30:44 Heavy Scorpion
31:26 Double Crossbow
31:47 Conscription
32:33 Chemistry
31:40 Siege Engineers
31:38 Fletching
32:16 Hussar
32:54 Bodkin Arrow
Connection lost

Rejoining the realm…

Still unreachable

The connection could not be restored.

Session expired

The server has moved on; the page needs a fresh start.